Cogmind - Beta 13 X2 @@@ ROGUE MODE // 2024.01.24 @ 15:39:03 // Winter2022/Polymind Player: Minty Result: Destroyed by G-50 Soldier with Heavy Laser Performance ------------- Evolutions (5) 2500 Regions Visited (11) 2200 Robots Destroyed (14) 70 Value Destroyed (364) 364 Prototype IDs (36) 720 Alien Tech Used (0) 0 Bonus (4051) 4051 TOTAL SCORE: 9285 Bonus ------- Polymind Skill 4345 Pacifist 200 Follower Combat Kills 76 Friendly Fire -570 Cogmind --------- Core Integrity 0/1000 Matter 100/200 Energy 110/110 System Corruption 4% Temperature Cool (11) Movement Walking (120) Location -5/Upper Caves Parts ------- > --- POWER (1) -------- Light Fission Core > --- PROPULSION (2) --- Flexi-carbon Leg Flexi-carbon Leg > --- UTILITY (3) ------ Targeting Computer Targeting Computer > --- WEAPON (3) ------- Heavy Assault Rifle Gauss Rifle > --- INVENTORY (1) ---- (None) Peak State ------------ > --- POWER ------------ Light Neutrino Core > --- PROPULSION ------- Gravmag Array > --- UTILITY ---------- Advanced Transmission Jammer EX Chip 1 EX Chip 1 EX Chip 1 EX Chip 1 EX Chip 1 EX Chip 1 EX Chip 1 EX Chip 1 EX Chip 1 EX Chip 1 EX Chip 2 EX Chip 2 EX Chip 2 EX Chip 2 EX Chip 2 EX Chip 2 EX Chip 2 EX Chip 2 EX Chip 2 EX Chip 2 Improved System Guard Advanced Recalibrator > --- WEAPON ----------- (None) > --- INVENTORY -------- (None) [Rating: 79] Favorites ----------- Power Light Deuterium Engine Engine Light Deuterium Engine Power Core Light Nuclear Core Propulsion Improved Hover Unit Treads Improved Treads Leg Aluminum Leg Wheel Wheel Hover Unit Improved Hover Unit Flight Unit VTOL Module Utility EX Chip 2 Device System Restoration Module Processor Improved System Guard Hackware EX Chip 2 Protection Improved Medium Armor Plating Weapon Improved Datajack Energy Gun Particle Gun Ballistic Gun Autogun Special Weapon Welding Torch Impact Weapon Heavy Mace Special Melee Weapon Improved Datajack Build | -11 -10 -10 -9 -9 -9 -8 -8 -7 -6 -5 -5 ------- Run | Yrd Mat Min Mat Min Exi Min Mat Fac Fac Fac Upp Slots Evolved . | . . . . . . . . . . . . Power . | . . . . . . . . . . . . Propulsion . | . . . . . . . . . . . . Utility . | . . . . . . . . . . . . Weapon . | . . . . . . . . . . . . Parts Attached . | . . . . . . . . . . . . Power . | . . . . . . . . . . . . Engine . | . . . . . . . . . . . . Core . | . . . . . . . . . . . . Reactor . | . . . . . . . . . . . . Propulsion . | . . . . . . . . . . . . Treads . | . . . . . . . . . . . . Leg . | . . . . . . . . . . . . Wheel . | . . . . . . . . . . . . Hover . | . . . . . . . . . . . . Flight . | . . . . . . . . . . . . Utility . | . . . . . . . . . . . . Device . | . . . . . . . . . . . . Storage . | . . . . . . . . . . . . Processor . | . . . . . . . . . . . . Hackware . | . . . . . . . . . . . . Protection . | . . . . . . . . . . . . Artifact . | . . . . . . . . . . . . Weapon . | . . . . . . . . . . . . Energy Gun . | . . . . . . . . . . . . Energy Cannon . | . . . . . . . . . . . . Ballistic Gun . | . . . . . . . . . . . . Ballistic Cannon . | . . . . . . . . . . . . Launcher . | . . . . . . . . . . . . Special Weapon . | . . . . . . . . . . . . Impact Weapon . | . . . . . . . . . . . . Slashing Weapon . | . . . . . . . . . . . . Piercing Weapon . | . . . . . . . . . . . . Special Melee Weapon . | . . . . . . . . . . . . Unidentified Prototypes . | . . . . . . . . . . . . Parts Lost 31 | . . . . . 3 . 2 4 10 7 5 Power 6 | . . . . . 1 . 1 . 2 1 1 Propulsion 10 | . . . . . . . . . 5 4 1 Utility 11 | . . . . . 2 . 1 4 2 1 1 Weapon 4 | . . . . . . . . . 1 1 2 Highest Loss Streak 9 | . . . . . 3 . 2 2 9 4 2 To Critical Strikes . | . . . . . . . . . . . . Average Slot Usage (%) 87 | . 100 100 100 100 95 84 83 84 84 70 69 Engine 7 | . 20 20 20 . . . . 12 11 . . Core 6 | . . . . 20 10 . . . 2 13 10 Leg 9 | . . . . 40 18 . . . . . 4 Wheel 2 | . . . . . . . . . 16 . . Hover 13 | . 40 40 40 . 1 3 3 24 10 . . Flight 4 | . . . . . . . . . 5 19 24 Device 11 | . . . . 20 13 7 7 12 14 . 2 Processor 2 | . . . . . 1 3 3 . 9 . 4 Hackware 13 | . 20 20 20 . 39 69 67 20 5 . . Energy Gun 4 | . . . . 20 9 . . . . . . Ballistic Gun 3 | . . . . . . . . . 2 8 23 Special Melee Weapon 6 | . 20 20 20 . . . . 12 5 . . Naked Turns 107 | . 8 . . 1 1 . . 45 2 5 45 Heaviest Build 31 | . 4 4 4 9 10 2 3 7 8 31 19 Greatest Support 46 | 3 12 12 12 20 20 3 3 14 20 46 40 Greatest Overweight (x) 7 | . . . . . . . . . . 7 . Average Overweight (x) . | . . . . . . . . . . . . Largest Inventory Capacity 12 | . 1 1 1 1 1 1 1 1 12 1 1 Average Capacity 1 | . . 1 1 . . 1 1 . 4 . . Most Carried 12 | . . . . . . . . . 12 . . Average Carried . | . . . . . . . . . 3 . . Final Capacity 1 | . 1 1 1 1 1 1 1 1 . . 1 Final Carried . | . . . . . . . . . . . . Class Distribution -------------------- 42% | Operator 22% | Grunt 10% | Swarmer 8% | Thief 5% | Mechanic 3% | Cogmind Dominant Class ---------------- Operator | -10/Materials Operator | -10/Mines Operator | -9/Materials Grunt | -9/Mines Thief | -9/Exiles Thief | -8/Mines Thief | -8/Materials Operator | -7/Factory Operator | -6/Factory Brawler | -5/Factory Swarmer | -5/Upper Caves Resources | -11 -10 -10 -9 -9 -9 -8 -8 -7 -6 -5 -5 ----------- Run | Yrd Mat Min Mat Min Exi Min Mat Fac Fac Fac Upp Matter Collected 100 | . . . . . . . . . . . 100 Remotely . | . . . . . . . . . . . . Salvage Created 240 | . . . . 105 . . . . . 67 68 Parts 18 | . . . . 9 . . . . . . 9 Haulers Intercepted . | . . . . . . . . . . . . Recyclers Shooed 1 | . . . . 1 . . . . . . . Parts Field Recycled . | . . . . . . . . . . . . Retrieved Matter . | . . . . . . . . . . . . Parts Self-Destructed 11 | . . . . . . . . . . . 11 Prevented 3 | . . . . . . . . . . . 3 Kills | -11 -10 -10 -9 -9 -9 -8 -8 -7 -6 -5 -5 ------- Run | Yrd Mat Min Mat Min Exi Min Mat Fac Fac Fac Upp Combat Hostiles Destroyed 11 | . . . . 1 . . . . . 2 8 Melee 1 | . . . . . . . . . . 1 . Guns 9 | . . . . 1 . . . . . . 8 Classes Destroyed 4 | . . . . 2 . . . . . 1 1 Swarmer 8 | . . . . . . . . . . . 8 Grunt 2 | . . . . 1 . . . . . 1 . Sentry 1 | . . . . . . . . . . 1 . Zionite 1 | . . . . 1 . . . . . . . Thug 2 | . . . . 2 . . . . . . . Best Kill Streak 4 | . . . . 1 . . . . . 1 4 Combat Bots Only 4 | . . . . 1 . . . . . 1 4 Max Kills in Single Turn 1 | . . . . 1 . . . . . 1 1 Gunslinging . | . . . . . . . . . . . . Exploded . | . . . . . . . . . . . . Melee 1 | . . . . . . . . . . 1 . Uniques/NPCs Destroyed . | . . . . . . . . . . . . Combat | -11 -10 -10 -9 -9 -9 -8 -8 -7 -6 -5 -5 -------- Run | Yrd Mat Min Mat Min Exi Min Mat Fac Fac Fac Upp Hostile Shots Fired 394 | . . . . 2 29 . 21 24 125 84 109 Missed 172 | . . . . 2 10 . 11 11 53 25 60 Damage Taken 4365 | . . . . . 475 . 143 139 1272 1593 743 Core 2153 | . . . . . 225 . 85 53 786 762 242 Absorbed by Shields . | . . . . . . . . . . . . Ignored by Resistances 45 | . . . . . . . . . . . 45 Core Remaining (%) 71 | 100 . 100 . . . 43 84 92 7 . . Volleys Fired 83 | . . . . 33 . . . . . 9 41 Largest 3 | . . . . 1 . . . . . 1 3 Hottest 79 | . . . . 65 . . . . . 23 79 Shots Fired 99 | . . . . 33 . . . . . 9 57 Gun 99 | . . . . 33 . . . . . 9 57 Cannon . | . . . . . . . . . . . . Launcher . | . . . . . . . . . . . . Special . | . . . . . . . . . . . . Kinetic 66 | . . . . . . . . . . 9 57 Thermal 33 | . . . . 33 . . . . . . . Explosive . | . . . . . . . . . . . . Electromagnetic . | . . . . . . . . . . . . Robot Hit Streak 18 | . . . . 7 . . . . . 5 18 Robot Miss Streak 3 | . . . . 2 . . . . . 1 3 Penetration Max . | . . . . . . . . . . . . Secondary Targets . | . . . . . . . . . . . . Shots Hit Robots 86 | . . . . 25 . . . 6 3 15 37 Core Hits 35 | . . . . 8 . 1 . . 3 5 18 Critical Kills 1 | . . . . . . . . . . . 1 Critical Parts Destroyed 1 | . . . . . . . . . . 1 . Critical Strikes 2 | . . . . . . . . . . 1 1 Destroy 1 | . . . . . . . . . . . 1 Smash 1 | . . . . . . . . . . 1 . Melee Attacks 23 | . . . 1 . . . . 6 3 13 . Impact 13 | . . . . . . . . . . 13 . Slashing . | . . . . . . . . . . . . Piercing . | . . . . . . . . . . . . Sneak Attacks 8 | . . . . . . . . 5 3 . . Combat Hostiles . | . . . . . . . . . . . . Follow-up Attacks . | . . . . . . . . . . . . Damage Inflicted 1596 | . . . . 405 . 1 . 2 81 397 710 Guns 1214 | . . . . 399 . . . . . 105 710 Cannons . | . . . . . . . . . . . . Explosions . | . . . . . . . . . . . . Melee 268 | . . . . . . . . . . 268 . Ramming 114 | . . . . 6 . 1 . 2 81 24 . Kinetic 815 | . . . . . . . . . . 105 710 Thermal 399 | . . . . 399 . . . . . . . Explosive . | . . . . . . . . . . . . Electromagnetic . | . . . . . . . . . . . . Impact 268 | . . . . . . . . . . 268 . Slashing . | . . . . . . . . . . . . Piercing . | . . . . . . . . . . . . Highest Corruption 6 | . . . . . . . . . 6 4 4 Average Corruption 4 | . . . . . . . . . 4 3 4 Corruption Purged . | . . . . . . . . . . . . Corruption Blocked . | . . . . . . . . . . . . Effects 10 | . . . . . . . . . 3 1 6 Message Errors 1 | . . . . . . . . . 1 . . Matter Fused 4 | . . . . . . . . . 1 . 3 Heat Flow Errors 1 | . . . . . . . . . . 1 . Data Loss (minor) 2 | . . . . . . . . . 1 . 1 Data Loss (major) 2 | . . . . . . . . . . . 2 Overload Shots . | . . . . . . . . . . . . Overflow Damage 69 | . . . . . . . . . . 69 . Projectiles . | . . . . . . . . . . . . Explosions . | . . . . . . . . . . . . Melee 69 | . . . . . . . . . . 69 . Knockbacks 3 | . . . . . . . . . . 3 . Impact 3 | . . . . . . . . . . 3 . Kinetic . | . . . . . . . . . . . . Secondary . | . . . . . . . . . . . . Self-Inflicted Damage 48 | . . . . . . . . 1 37 10 . Shots . | . . . . . . . . . . . . Rammed 27 | . . . . . . 1 . 2 18 6 . Targets Rammed 28 | . . . . 1 . 1 . 2 18 6 . Kicked 1 | . . . . 1 . . . . . . . Crushed . | . . . . . . . . . . . . Highest Temperature 418 | . . . . . 27 . 12 17 23 418 34 Average Temperature 104 | . . . . . 14 . 12 11 9 225 11 Received Heat Transfer 807 | . . . . . 60 . 72 69 192 351 63 Effects 2 | . . . . . . . . . . 2 . Shutdowns 2 | . . . . . . . . . . 2 . Siege Activations . | . . . . . . . . . . . . Robots Corrupted . | . . . . . . . . . . . . Combat Hostiles . | . . . . . . . . . . . . Parts Fried 1 | . . . . . . . . . . 1 . Impact Corruptions 4 | . . . . . . . . . . 4 . Robots Melted . | . . . . . . . . . . . . Combat Hostiles . | . . . . . . . . . . . . Parts Melted 1 | . . . . . . . . . . 1 . Heat Transferred 925 | . . . . 925 . . . . . . . Parts Sabotaged . | . . . . . . . . . . . . Parts Stolen . | . . . . . . . . . . . . Parts Stripped . | . . . . . . . . . . . . Power Chain Reactions 1 | . . . . . . . . . . 1 . Missiles Intercepted . | . . . . . . . . . . . . Alert | -11 -10 -10 -9 -9 -9 -8 -8 -7 -6 -5 -5 ------- Run | Yrd Mat Min Mat Min Exi Min Mat Fac Fac Fac Upp Peak Influence 292 | . 21 7 88 60 . . 40 85 292 242 . Initial 142 | . . 7 2 34 . . . 18 41 142 . Average 52 | . 16 7 17 35 . . 24 39 89 198 . Maximum Alert Level 1 | . . . . . . . . . 1 1 . Low Security (%) 96 | . 100 100 100 100 . 100 100 100 97 51 . Level 1 3 | . . . . . . . . . 2 48 . Level 2 . | . . . . . . . . . . . . Level 3 . | . . . . . . . . . . . . Level 4 . | . . . . . . . . . . . . Level 5 . | . . . . . . . . . . . . High Security . | . . . . . . . . . . . . Max Security . | . . . . . . . . . . . . Squads Dispatched 17 | . 1 . 2 . . . 1 5 7 1 . Investigation 11 | . . . 2 . . . 1 2 5 1 . Extermination 2 | . . . . . . . . 1 1 . . Reinforcement 4 | . 1 . . . . . . 2 1 . . Assault . | . . . . . . . . . . . . Garrison . | . . . . . . . . . . . . Intercept . | . . . . . . . . . . . . Searches Triggered . | . . . . . . . . . . . . Construction Impeded . | . . . . . . . . . . . . Haulers Reinforced . | . . . . . . . . . . . . Active Scanning Responses . | . . . . . . . . . . . . Cargo Convoy Interrupts . | . . . . . . . . . . . . Stealth | -11 -10 -10 -9 -9 -9 -8 -8 -7 -6 -5 -5 --------- Run | Yrd Mat Min Mat Min Exi Min Mat Fac Fac Fac Upp Distress Signals 1 | . . . . . . . . 1 . . . Communications Jammed 20 | . . . . . . . 17 3 . . . Distress Signals 20 | . . . . . . . 17 3 . . . Times Spotted 134 | . 1 . 2 2 12 . 6 17 59 7 28 Peak Tracking Total 15 | . 1 . 2 2 11 . 6 4 15 3 5 Tactical Retreats 12 | . . . . . 1 . . 2 7 . 2 Traps | -11 -10 -10 -9 -9 -9 -8 -8 -7 -6 -5 -5 ------- Run | Yrd Mat Min Mat Min Exi Min Mat Fac Fac Fac Upp Traps Triggered 2 | . . . . . . . . . 2 . . Indirectly . | . . . . . . . . . . . . Trap Hack Attempts 446 | . 44 . 34 . . . . 336 32 . . Triggered 3 | . . . . . . . . 3 . . . Disarmed 13 | . . . 1 . . . 4 8 . . . Reprogrammed 43 | . 6 . 5 . . . . 28 4 . . Reused 3 | . . . . . . . . 3 . . . Traps Extracted . | . . . . . . . . . . . . Installed . | . . . . . . . . . . . . Triggered 4 | . . . . . . . . 3 . . 1 Machines | -11 -10 -10 -9 -9 -9 -8 -8 -7 -6 -5 -5 ---------- Run | Yrd Mat Min Mat Min Exi Min Mat Fac Fac Fac Upp Machines Disabled . | . . . . . . . . . . . . Max in Single Turn . | . . . . . . . . . . . . Machines Repaired . | . . . . . . . . . . . . Machines Dismantled . | . . . . . . . . . . . . Machines Sabotaged . | . . . . . . . . . . . . Overloaded Fab Kills 1 | . . . . . . . . . . 1 . Hacking | -11 -10 -10 -9 -9 -9 -8 -8 -7 -6 -5 -5 --------- Run | Yrd Mat Min Mat Min Exi Min Mat Fac Fac Fac Upp Machines Accessed 28 | . 1 . 2 1 . . 5 8 9 1 1 Terminals 17 | . 1 . 2 1 . . 4 4 5 . . Fabricators 5 | . . . . . . . . 3 1 1 . Repair Stations 2 | . . . . . . . 1 1 . . . Recycling Units 2 | . . . . . . . . . 2 . . Scanalyzers . | . . . . . . . . . . . . Garrison Access 1 | . . . . . . . . . 1 . . Total Hacks 122 | . 4 . 8 4 . . 54 28 22 1 1 Successful 79 | . 1 . 3 3 . . 51 12 7 1 1 Failed 43 | . 3 . 5 1 . . 3 16 15 . . Catastrophic 9 | . 1 . 1 . . . . 4 3 . . Database Lockouts . | . . . . . . . . . . . . Manual 73 | . 4 . 8 1 . . 36 11 12 1 . Terminals 99 | . 4 . 8 4 . . 53 18 12 . . Fabricators 13 | . . . . . . . . 8 4 1 . Repair Stations 3 | . . . . . . . 1 2 . . . Recycling Units 4 | . . . . . . . . . 4 . . Scanalyzers . | . . . . . . . . . . . . Garrison Access 2 | . . . . . . . . . 2 . . Terminal Hacks 67 | . 1 . 3 3 . . 47 8 4 . 1 Record 8 | . . . . 1 . . 5 . 1 . 1 Prototype ID Bank 29 | . . . . . . . 25 3 1 . . Open DSF 1 | . . . . . . . . . 1 . . Level Access Points 1 | . . . . . . . 1 . . . . Branch Access Points 4 | . . . 1 . . . 2 . 1 . . Emergency Access Points 4 | . . . . . . . 3 1 . . . Recycling Unit Index 1 | . . . . . . . 1 . . . . Alert Level 4 | . . . . 1 . . 2 1 . . . Unreport Threat 2 | . . . . . . . . 2 . . . Locate Traps 3 | . . . 1 . . . 1 1 . . . Disarm Traps 2 | . . . . . . . 2 . . . . Transport Status 2 | . . . . . . . 2 . . . . Recall Investigation 3 | . 1 . 1 . . . 1 . . . . Hauler Manifests 1 | . . . . . . . 1 . . . . Zone Layout 2 | . . . . 1 . . 1 . . . . Fabricator Hacks 2 | . . . . . . . . 2 . . . Network Status 1 | . . . . . . . . 1 . . . Build 1 | . . . . . . . . 1 . . . Repair Station Hacks 1 | . . . . . . . 1 . . . . Refit 1 | . . . . . . . 1 . . . . Recycling Unit Hacks 1 | . . . . . . . . . 1 . . Report Inventory 1 | . . . . . . . . . 1 . . Scanalyzer . | . . . . . . . . . . . . Garrison Access Hacks . | . . . . . . . . . . . . Unauthorized Hacks 8 | . . . . . . . 3 2 2 1 . Terminals 5 | . . . . . . . 3 1 1 . . Assimilate 2 | . . . . . . . . 1 1 . . Botnet 3 | . . . . . . . 3 . . . . Fabricators 2 | . . . . . . . . 1 . 1 . Prioritize 1 | . . . . . . . . 1 . . . Overload 1 | . . . . . . . . . . 1 . Repair Stations . | . . . . . . . . . . . . Recycling Units 1 | . . . . . . . . . 1 . . Tunnel 1 | . . . . . . . . . 1 . . Scanalyzers . | . . . . . . . . . . . . Garrison Access . | . . . . . . . . . . . . Data Cores Recovered 1 | . . . . . . . . 1 . . . Used . | . . . . . . . . . . . . Hacking Detections 23 | . 1 . 2 1 . . 4 8 7 . . Full Trace Events 11 | . 1 . 2 . . . 2 2 4 . . Feedback Events 2 | . . . . . . . 1 . 1 . . Corruption 2 | . . . . . . . 1 . 1 . . Feedback Blocked . | . . . . . . . . . . . . Robot Schematics Acquired . | . . . . . . . . . . . . Robots Built 3 | . . . . . . . . 3 . . . Authchips . | . . . . . . . . . . . . Time 99 | . . . . . . . . 99 . . . Total Robot Build Rating 6 | . . . . . . . . 6 . . . Part Schematics Acquired . | . . . . . . . . . . . . Parts Built . | . . . . . . . . . . . . Authchips . | . . . . . . . . . . . . Time . | . . . . . . . . . . . . Total Part Build Rating . | . . . . . . . . . . . . Parts Repaired . | . . . . . . . . . . . . Time . | . . . . . . . . . . . . Parts Recycled . | . . . . . . . . . . . . Recycled Matter . | . . . . . . . . . . . . Retrieved Matter . | . . . . . . . . . . . . Retrieved Components . | . . . . . . . . . . . . Parts Scanalyzed . | . . . . . . . . . . . . Part Schematics Acquired . | . . . . . . . . . . . . Parts Damaged . | . . . . . . . . . . . . Bothacking | -11 -10 -10 -9 -9 -9 -8 -8 -7 -6 -5 -5 ------------ Run | Yrd Mat Min Mat Min Exi Min Mat Fac Fac Fac Upp Used RIF Installer . | . . . . . . . . . . . . Robots Hacked 18 | . 1 . . 1 . . . 7 5 1 3 Non-combat 11 | . 1 . . . . . . 6 4 . . Combat 7 | . . . . 1 . . . 1 1 1 3 Robot Hacks Applied 21 | . 1 . . 1 . . . 7 7 2 3 parse_system 4 | . . . . . . . . 3 1 . . no_distress 2 | . . . . . . . . 2 . . . find_chute 1 | . . . . . . . . 1 . . . map_walls 1 | . . . . . . . . . 1 . . find_dsf 1 | . . . . . . . . . 1 . . find_station 1 | . . . . . . . . . 1 . . check_alert 1 | . . . . . . . . . 1 . . find_terminals 2 | . 1 . . . . . . 1 . . . find_shortcuts 6 | . . . . 1 . . . . 1 1 3 find_garrison 2 | . . . . . . . . . 1 1 . Relay Couplers Released . | . . . . . . . . . . . . Fabnet Peak Effective % . | . . . . . . . . . . . . Robots Rewired . | . . . . . . . . . . . . Allies Hacked . | . . . . . . . . . . . . Hacks Repelled . | . . . . . . . . . . . . Allies | -11 -10 -10 -9 -9 -9 -8 -8 -7 -6 -5 -5 -------- Run | Yrd Mat Min Mat Min Exi Min Mat Fac Fac Fac Upp Total Allies 8 | . . . . 3 . . . 4 1 . . Largest Group 3 | . . . . 3 . . . 3 1 . . Highest-Rated Group 74 | . . . . 74 . . . 54 26 . . Highest-Rated Ally 31 | . . . . 31 . . . 26 26 . . Total Orders . | . . . . . . . . . . . . Ally Attacks 5 | . . . . . . . . 5 . . . Total Damage 167 | . . . . . . . . 167 . . . Kills 3 | . . . . . . . . 3 . . . Allies Corrupted . | . . . . . . . . . . . . Allies Melted . | . . . . . . . . . . . . Intel | -11 -10 -10 -9 -9 -9 -8 -8 -7 -6 -5 -5 ------- Run | Yrd Mat Min Mat Min Exi Min Mat Fac Fac Fac Upp Robot Analysis Total 8 | . 1 . . 1 . . . 1 3 1 1 Derelict Logs Recovered 4 | . . . . 2 . . . . . . 2 Drone Launches . | . . . . . . . . . . . . Drone Recoveries . | . . . . . . . . . . . . Exploration | -11 -10 -10 -9 -9 -9 -8 -8 -7 -6 -5 -5 ------------- Run | Yrd Mat Min Mat Min Exi Min Mat Fac Fac Fac Upp Turns Passed 2991 | . 95 88 104 615 131 30 77 936 453 145 317 Spaces Moved 3471 | 1 88 157 99 458 162 49 125 958 683 164 527 Core 622 | 1 14 . . 1 34 49 125 206 116 9 67 Treads 16 | . . . . . . . . . . 16 . Legs 546 | . . . . 457 53 . . . . . 36 Wheels 200 | . . . . . . . . . 200 . . Hover 1382 | . 74 157 99 . 75 . . 752 225 . . Flight 705 | . . . . . . . . . 142 139 424 Fastest Speed 32 | 50 50 56 56 50 50 50 50 50 32 32 32 Average Speed 62 | 50 55 56 56 119 77 50 50 54 57 51 41 Slowest Speed 400 | 50 56 56 56 120 120 50 50 56 80 400 120 Overloaded Moves . | . . . . . . . . . . . . Propulsion Burnouts . | . . . . . . . . . . . . Robots Hopped 8 | . . . . . . . . . 2 1 5 Cave-ins Triggered . | . . . . . . . . . . . . Exploration Rate (%) 32 | 2 23 53 15 91 56 10 22 27 26 7 62 Regions Visited 11 Branch Regions 5 Pre-discovered Areas 3 | . . . . 1 . . . . 1 . 1 Known Exits Taken 2 | . . . 1 . . . 1 . . . . Unknown Exits Taken 9 | 1 1 1 . 1 1 1 . 1 1 1 . Scrap Searched 4 | . . 2 . . . 1 . . . . 1 Spaces Dug . | . . . . . . . . . . . . Terrain Destroyed . | . . . . . . . . . . . . Melee . | . . . . . . . . . . . . Projectile . | . . . . . . . . . . . . AOE . | . . . . . . . . . . . . Terrain Rammed . | . . . . . . . . . . . . Walls Destroyed . | . . . . . . . . . . . . Machines Disabled . | . . . . . . . . . . . . Actions | -11 -10 -10 -9 -9 -9 -8 -8 -7 -6 -5 -5 --------- Run | Yrd Mat Min Mat Min Exi Min Mat Fac Fac Fac Upp Total 4163 | . 134 156 146 491 166 53 138 1369 744 192 574 Wait 129 | . 3 . 13 . 5 4 14 67 10 2 11 Move 3447 | . 87 156 98 457 161 48 124 957 679 161 519 Hop 6 | . . . . . . . . . 2 1 3 Pick Up . | . . . . . . . . . . . . Fast Attach . | . . . . . . . . . . . . Attach . | . . . . . . . . . . . . Detach . | . . . . . . . . . . . . Swap . | . . . . . . . . . . . . Drop . | . . . . . . . . . . . . Fire 83 | . . . . 33 . . . . . 9 41 Melee 23 | . . . 1 . . . . 6 3 13 . Ram 26 | . . . . . . 1 . 2 17 6 . Kick 1 | . . . . 1 . . . . . . . Crush . | . . . . . . . . . . . . Escape Stasis . | . . . . . . . . . . . . Rewire 1 | . . . . . . . . 1 . . . Trap 446 | . 44 . 34 . . . . 336 32 . . Miscellaneous 1 | . . . . . . . . . 1 . . Route ------- -11/Scrapyard -10/Materials -10/Mines -9/Materials (discovered 4 exits: *Mat / *Min / *Sto x2) -9/Mines (discovered 2 exits: *Mat / [*Exi]) -9/Exiles -8/Mines -8/Materials (discovered 3 exits: *Fac x3) -7/Factory -6/Factory (discovered 3 exits: *Fac / Low x2) -5/Factory -5/Upper Caves (discovered 1 exit: Upp) History --------- Turn | Location | Event 1 | -11/Scrapyard | Discovered new exit (range 0) 1 | -11/Scrapyard | Entered Materials 90 | -10/Materials | Discovered new exit (range 11) 96 | -10/Materials | Entered Mines 174 | -10/Mines | Discovered new exit (range 5) 184 | -10/Mines | Entered Materials 191 | -9/Materials | Identified exit to Mines 191 | -9/Materials | Identified exit to Storage 267 | -9/Materials | Discovered new exit (range 14) 288 | -9/Materials | Entered Mines 374 | -9/Mines | Learned location of Storage (-9) 392 | -9/Mines | Learned Materials non-interactive machine intel 590 | -9/Mines | Discovered new exit (range 15) 685 | -9/Mines | Received a Mining Laser from a helpful Derelict 897 | -9/Mines | Deemed a non-threat by the Exiles lab entrance 899 | -9/Mines | Discovered new exit (range 5) 903 | -9/Mines | Entered Exiles 932 | -9/Exiles | Met 8R-AWN 954 | -9/Exiles | Met EX-HEX 968 | -9/Exiles | Took control of EX-HEX (ally) 977 | -9/Exiles | Attacked by the Exiles 1012 | -9/Exiles | Core integrity fell below 50% 1029 | -9/Exiles | Discovered new exit (range 10) 1034 | -9/Exiles | Entered Mines 1043 | -8/Mines | Discovered new exit (range 7) 1044 | -8/Mines | Lost 3 parts (1p2u) 1064 | -8/Mines | Entered Materials 1065 | -8/Materials | Loaded intel: 28 non-interactive machine locations 1081 | -8/Materials | Identified exit to Factory 1141 | -8/Materials | Entered Factory 1444 | -7/Factory | Fabricated L-31 Rogue (x3) 2009 | -7/Factory | Discovered new exit (range 11) 2077 | -7/Factory | Entered another Factory area 2455 | -6/Factory | Core integrity fell below 50% 2483 | -6/Factory | Core integrity fell below 20% 2503 | -6/Factory | Lost 9 parts (2p4n2u1w) 2522 | -6/Factory | Identified exit to Lower Caves 2527 | -6/Factory | Discovered new exit (range 11) 2530 | -6/Factory | Entered another Factory area 2598 | -5/Factory | Discovered new exit (range 15) 2627 | -5/Factory | Lost 4 parts (1p2n1w) 2666 | -5/Factory | Core integrity fell below 50% 2675 | -5/Factory | Entered Upper Caves 2696 | -5/Upper Caves | Lost 3 parts (2n1u) 2740 | -5/Upper Caves | Core integrity fell below 20% 2795 | -5/Upper Caves | Attracted the attention of an 0b10 checkpoint 2811 | -5/Upper Caves | Learned location of Warlord (-4) 2820 | -5/Upper Caves | Identified exit to Upper Caves 2975 | -5/Upper Caves | Attracted the attention of an 0b10 outpost 2992 | -5/Upper Caves | Destroyed by G-50 Soldier with Heavy Laser Last Messages --------------- 02921_ Destroyed VTOL Module. 02921_ Slug penetrates Wall. 02922_ S-27 Virus reactivates. 02924_ Slug penetrates S-27 Virus. 02924_ Destroyed Lgt. Nuclear Core. 02928_ Slug penetrates S-27 Virus. 02928_ S-27 Virus destroyed. 02928_ Slug penetrates Wall. 02931_ Acquired 8 Protomatter. 02974_ System corrupted: Matter fused (-8). 02974_ Slug penetrates Y-72 Warden. 02975_ Y-72 Warden: "DETECTED UNIDENTIFIED DERELICT." 02976_ Penetrated by Slug. 02977_ Slug penetrates Y-72 Warden. 02979_ Y-72 Warden: "REQUESTING BACKUP." 02981_ Slug penetrates Y-72 Warden. 02986_ Gauss Rifle destroyed. 02987_ Slug penetrates B-60 Warrior. 02989_ Phase Shifter destroyed. 02990_ Slug penetrates G-50 Soldier. Map ----- +----------------------------------------------------+ | ??????# # ##???# ###?? ?#??# #?????## | | ?????## #??## ##? #??# ####??????## | | ?????# ##?# ## #??## #######?????? | | ?????# #?# #???# !%* #?????? | | ????## ### #??# #?????? | | ????# ##??????## ## #### #?????? | | ????## ## ##???????## ####??# #?????? | | ?????#####?## #????????# #?????# #?????? | | ????????????## #????????# #?????# ###???? | | ?????????????# #??####?## #???### # #???? | | ?????????????## ##?## ### #?### #???? | | ??????????????## ##?## ### # # #???? | | ??????????????## #### ###???? | | ?????????????## ## ###?????? | | ????????????## % ########## #???????? | | ????????????# ## ##????????# #???????? | | ???????????## ##############???####### #???????? | | ?????####### #?????????????#### ## #???????? | | ????# #????????????## ## #???????? | | ????# ######## #???###??????# ## ####???????? | | ?????????????# ##### #????## ## #??????????? | | ??????????? # #?### # #??????????? | | ??????????? ## ##?????????? | | ?????????? g b ##????????? | | ???????? #Y ##???????? | | ??????#" # h ##??????? | | ??????### ### ########### ##?????? | | ??????? s ##?????????## #?????? | | ??????####? g #### #???????????###### ##????? | | ????????????? #??? #???????????????# ##???? | | ????????????? #???? ???????????????## ##??? | | ????????????? ????? ???????????????## #??? | | ????????????? ?????? ???????????????## #??? | | ????????????? ## ???????????????????????## #??? | | ????????????? ??# ???????????????????????# ##??? | | ????????????? ???# ?????????????????????# #???? | | ????????????? ??????????????????????????## #???? | | ?????????????????????????????????????????#####???? | | ?????????????????????????????????????????????????? | | ?????????????????????????????????????????????????? | | ?????????????????????????????????????????????????? | | ?????????????????????????????????????????????????? | | ?????????????????????????????????????????????????? | | ?????????????????????????????????????????????????? | | ?????????????????????????????????????????????????? | | ?????????????????????????????????????????????????? | | ?????????????????????????????????????????????????? | | ?????????????????????????????????????????????????? | | ?????????????????????????????????????????????????? | | ?????????????????????????????????????????????????? | +----------------------------------------------------+ Best States ------------- Heat Dissipation 40 Energy Generation 34 Energy Capacity 260 Matter Stores 156 Matter Capacity 200 Sight Range 16 Terrain Scan Range 14 Terrain Scan Density 85 Jamming Range 16 Corruption Containment 12 Armor Coverage 225 Resistance: KI 25 Resistance: EM 90 Resistance: I 25 Resistance: S 25 Phase Shifting 5 Evasion (%) 63 Targeting Accuracy 10 Recoil Reduction 2 Offensive Hacking 70 Defensive Hacking 70 Item Schematics ----------------- None Robot Schematics ------------------ None Fabricated ------------ L-31 Rogue | x3 | -7/Factory | Preloaded Alien Tech Used ----------------- None Achievements -------------- None Challenges ------------ None Polymind | -11 -10 -10 -9 -9 -9 -8 -8 -7 -6 -5 -5 ---------- Run | Yrd Mat Min Mat Min Exi Min Mat Fac Fac Fac Upp Hosts 11 | . 1 . . 1 1 . . 1 3 1 3 Combat Hostiles 6 | . . . . 1 . . . . 1 1 3 Allies 1 | . . . . . 1 . . . . . . Unique Host Classes 8 | . 1 . . 1 1 . . . 3 1 1 Average Host Suspicion 78 | . 10 36 39 74 1 38 75 96 85 87 100 Unsuspicious Activity 394 | . 7 . 15 290 4 . . 28 25 . 25 Returns to Shadow . | . . . . . . . . . . . . Fuzzy Dispatches . | . . . . . . . . . . . . Protomatter Created 164 | . . . . 20 20 . . . . 69 55 Used 230 | . 5 . . 30 9 . . 7 26 74 79 Decayed 20 | . . . . . 20 . . . . . . Highest Spend 74 | . 5 . . 30 9 . . 7 14 74 51 Top 5 Hosts by Kills: S-27 Virus (-5/Upper Caves: 5) B-60 Warrior (-5/Factory: 2) S-27 Virus (-5/Upper Caves: 2) G-47 Trooper (-9/Mines: 1) H-66 Slayer (-5/Upper Caves: 1) Game ------ Seed SurveybotConstructCycler Manual? 0 Play Time 00:27:01 Cumulative 616.2 hours Start 2024.01.23 @ 00:33:32 End 2024.01.24 @ 15:39:03 Sessions 1 Manual Loads 0 Difficulty Rogue Special Mode Winter2022/Polymind Game No. 563 Rogue 290 Adventurer 123 Explorer 150 Win Type - Total 25 Types 19/0/4/1/0/0/0/1/0 Lore% 79 Gallery% 90 Achievement% 75 Wizard Run 0 Options --------- ASCII 0 Keyboard 1 Movement Numpad Keybinds 0 Fullscreen 2 Font 18/X11Bold Map View 76x50 Zoom Use 0% Tactical HUD 1 Map Filters NONE Filters NONE Steam 1 RUN: 32068f2f-f067-4a2c-9311-e45018590092